 Dungeon Crawl Stone Soup version 0.24.0-2-g5b39cebb1c (webtiles) character file.

Game seed: 11323502664496127479, levelgen mode: deterministic

3075 derkot the Skirmisher (level 9, -13/79 HPs)
             Began as a White Draconian Berserker on Oct 29, 2019.
             Was an Elder of Trog.
             Mangled by an ogre
             ... wielding a +0 giant club
              (22 damage)
             ... on level 8 of the Dungeon.
             The game lasted 00:29:07 (6346 turns).

derkot the Skirmisher (White Draconian Berserker)   Turns: 6346, Time: 00:29:08

Health: -13/79     AC:  7    Str: 22    XL:     9   Next: 58%
Magic:  9/9        EV: 14    Int:  8    God:    Trog [****..]
Gold:   543        SH:  4    Dex: 11    Spells: 8/8 levels left

rFire    . . .     SeeInvis .   z - +1 scimitar (holy)
rCold    + + .     Gourm    .   u - +0 buckler
rNeg     . . .     Faith    .   (armour unavailable)
rPois    .         Spirit   .   (helmet restricted)
rElec    .         Reflect  .   (no cloak)
rCorr    .         Harm     +   (no gloves)
MR       +....                  (no boots)
Stlth    ++........             c - amulet of harm
HPRegen  0.23/turn              v - ring of protection from cold
MPRegen  0.11/turn              q - ring of protection from magic

@: berserk cooldown
A: breathe frost, unfitting armour, cold resistance 1, cold-blooded, AC +7
a: Breathe Frost, Berserk, Trog's Hand, Brothers in Arms, Renounce Religion


You were on level 8 of the Dungeon.
You worshipped Trog.
Trog was greatly pleased with you.
You were not hungry.

You visited 2 branches of the dungeon, and saw 9 of its levels.

You collected 543 gold pieces.

Inventory:

Hand Weapons
 a - a +0 falchion
 l - a +2 short sword of flaming
 z - a +1 scimitar of holy wrath (weapon)
Armour
 u - a +0 buckler (worn)
Jewellery
 c - an amulet of harm (around neck)
 f - an uncursed ring of attention
 q - a ring of protection from magic (right hand)
 v - a ring of protection from cold (left hand)
 E - a +3 ring of protection {unknown}
Wands
 w - a wand of digging (11)
 x - a wand of acid (16)
 B - a wand of flame (14)
 C - a wand of iceblast (6)
Scrolls
 d - 5 scrolls of identify
 j - 3 scrolls of enchant weapon {unknown}
 k - a scroll of fear {unknown}
 n - 3 scrolls of remove curse
 o - a scroll of amnesia {unknown}
 r - 3 scrolls of blinking {unknown}
 t - a scroll of fog {unknown}
 y - a scroll of teleportation {unknown}
 D - a scroll of enchant armour {unknown}
Potions
 e - 2 potions of heal wounds {unknown}
 g - 2 potions of lignification {unknown}
 h - 2 potions of magic {unknown}
 i - 3 potions of curing
 m - a potion of invisibility {unknown}
 p - a potion of brilliance {unknown}
 s - a potion of degeneration {unknown}
 A - a potion of berserk rage {unknown}
Comestibles
 b - 18 rations


   Skills:
 + Level 7.2 Fighting
 + Level 7.1(8.3) Short Blades
 + Level 6.6(8.0) Long Blades
 + Level 6.3 Dodging
 + Level 3.3 Stealth
 + Level 2.4 Shields


You had 8 spell levels left.
You didn't know any spells.
Your spell library was empty.

Dungeon Overview and Level Annotations

Branches:
Dungeon (8/15)             Temple (1/1) D:5
   Lair: D:8-11

Altars:
Ashenzari
Cheibriados
Dithmenos
Elyvilon
Fedhas
Gozag
Hepliaklqana
Kikubaaqudgha
Makhleb
Nemelex Xobeh
Okawaru
Qazlal
Ru
Sif Muna
Uskayaw
Vehumet
Wu Jian
Xom
Yredelemnul
Zin
The Shining One


Innate Abilities, Weirdness & Mutations

You can breathe waves of freezing cold.
You can buffet flying creatures when you breathe cold.
Your icy white scales are hard. (AC +7)
You cannot fit into any form of body armour.
Your flesh is cold resistant. (rC+)
You are cold-blooded and may be slowed by cold attacks.


Message History

The ogre closely misses you.
You riposte.
Your shield prevents you from hitting the ogre.
Your tail-slap misses the ogre.
You slash the ogre! You tail-slap the ogre.
The ogre is heavily wounded.
The ogre hits you with a +0 giant club!!
* * * LOW HITPOINT WARNING * * *
You hit the ogre.
You tail-slap the ogre, but do no damage.
The ogre is severely wounded.
The ogre closely misses you.
You hit the ogre.
The ogre is almost dead.
The ogre hits you with a +0 giant club!
* * * LOW HITPOINT WARNING * * *
You feel better.
You feel yourself speed up. You block the ogre's attack.
The ogre hits you with a +0 giant club!!
You die...

### .. #.### #...
#.###..########..
#.....KO@(.......
#####.K########.#
#..# #..# ....
##..# #..# ...#


You could see an ogre and 2 kobolds.

Vanquished Creatures
  A hippogriff (D:6)
  2 orc warriors
  A sky beast (D:6)
  3 black bears
  A phantom (D:4)
  2 centaurs
  3 ogres
  Blork the orc (D:5)
  3 bullfrogs
  A big kobold (D:8)
  4 scorpions
  6 killer bees (D:7)
  2 howler monkeys
  A centaur zombie (D:5)
  2 jellies
  6 crimson imps
  A hound (D:5)
  An orc priest (D:6)
  2 orc wizards (D:7)
  A gnoll shaman (D:6)
  A bullfrog skeleton (D:7)
  A centaur skeleton (D:4)
  3 iguanas
  2 worker ants
  Ijyb (D:5)
  Natasha (thrice) (D:3)
  2 hound zombies
  3 worker ant zombies
  5 gnolls (D:6)
  6 adders
  A shadow imp (D:5)
  An adder skeleton (D:7)
  2 worms
  5 leopard geckos
  12 orcs
  7 bats
  7 giant cockroaches
  7 goblins
  7 hobgoblins
  13 jackals
  8 kobolds
  A quokka (D:7)
  A ball python (D:3)
  4 frilled lizards
  A giant cockroach zombie (D:5)
  2 rats
150 creatures vanquished.

Notes
Turn   | Place    | Note
-------+----------+-------------------------------------------
     0 | D:1      | derkot the Draconian Berserker began the quest for the Orb.
     0 | D:1      | Reached XP level 1. HP: 19/19 MP: 1/1
   171 | D:1      | Reached XP level 2. HP: 19/26 MP: 2/2
   743 | D:2      | Reached ** piety under Trog
   790 | D:2      | Found a glowing silver altar of Zin.
   806 | D:2      | Reached XP level 3. HP: 31/33 MP: 3/3
  1175 | D:3      | Noticed an ogre
  1188 | D:3      | Killed an ogre
  1188 | D:3      | Reached skill level 1 in Short Blades
  1188 | D:3      | Reached XP level 4. HP: 18/41 MP: 4/4
  1188 | D:3      | Reached XP level 5. HP: 21/47 MP: 5/5
  1475 | D:3      | Noticed Natasha
  1481 | D:3      | Killed Natasha
  1493 | D:3      | Noticed Natasha
  1511 | D:3      | Killed Natasha
  1606 | D:3      | Noticed Natasha
  1619 | D:3      | Killed Natasha
  1619 | D:3      | Reached skill level 1 in Stealth
  1619 | D:3      | Reached XP level 6. HP: 41/53 MP: 6/6
  2045 | D:4      | Reached skill level 5 in Fighting
  2159 | D:4      | Your scales start taking on an icy white colour.
  2159 | D:4      | Reached XP level 7. HP: 25/61 MP: 7/7
  2159 | D:4      | Gained mutation: Your flesh is cold resistant. (rC+) [White
                  | Draconian growth]
  2773 | D:4      | Found a burning altar of Makhleb.
  2998 | D:5      | Entered Level 5 of the Dungeon
  3068 | D:5      | Noticed Blork the orc
  3069 | D:5      | Found a staircase to the Ecumenical Temple.
  3083 | D:5      | Killed Blork the orc
  3124 | D:5      | Reached *** piety under Trog
  3124 | D:5      | Reached skill level 5 in Short Blades
  3167 | D:5      | Noticed Ijyb
  3178 | D:5      | Killed Ijyb
  3245 | D:5      | Reached XP level 8. HP: 70/70 MP: 8/8
  3475 | Temple   | Entered the Ecumenical Temple
  3942 | D:6      | Reached skill level 1 in Shields
  3950 | D:6      | Reached skill level 5 in Dodging
  4393 | D:6      | Found an ancient bone altar of Kikubaaqudgha.
  4413 | D:6      | HP: 1/70 [orc warrior/+1 scimitar of holy wrath (28)]
  4765 | D:6      | Found an ornate altar of the Wu Jian Council.
  4765 | D:6      | Found a faded altar of an unknown god.
  4770 | D:6      | Found a shadowy altar of Dithmenos.
  4772 | D:6      | Found a hazy altar of Hepliaklqana.
  4774 | D:6      | Found an iron altar of Okawaru.
  5057 | D:6      | Noticed a hippogriff
  5064 | D:6      | Killed a hippogriff
  5083 | D:6      | Reached XP level 9. HP: 62/78 MP: 9/9
  5447 | D:7      | Reached skill level 5 in Long Blades
  5701 | D:7      | Reached **** piety under Trog
  5782 | D:7      | Found a shimmering altar of Xom.
  5923 | D:7      | Found a shimmering altar of Xom.
  5942 | D:7      | Found a snail-covered altar of Cheibriados.
  6342 | D:8      | Received a gift from Trog
  6346 | D:8      | Mangled by an ogre

Levels and vault maps discovered:
D:1:      evilmike_arrival_plus, layout_basic, eino_curves_04
D:2:      layout_rooms, zin_statuary, hex_tiny
D:3:      layout_loops_ring, uniq_natasha
D:4:      layout_cave_pods, bloody_makhleb, first_ration
D:5:      layout_basic, temple_fountains, uniq_ijyb, uniq_blork_the_orc
D:6:      layout_gridville, kiku_gazebo_pond_becter,
          chequers_temple_overflow_minitemple
D:7:      layout_cave_pools, kennysheep_mini, old_standard_altar,
          serial_column_ruins, column_ruins_temple_hut,
          column_ruins_square_small, column_ruins_grid_3, column_ruins_grid_1,
          column_ruins_grid_1, column_ruins_open_small,
          column_ruins_corridor_water, eino_jars
D:8:      layout_loops_ring, serial_undead, serial_undead_c, serial_undead_e,
          serial_undead_d, serial_undead_f, ebering_ghost_gozag,
          yredelemnul_altar_generic
Temple:   minmay_temple_forest_path

Skill      XL: |  1  2  3  4  5  6  7  8  9 |
---------------+----------------------------+-----
Dodging        | 3 4 5 6 |  6.3
Fighting       | 4 5 6 7 |  7.2
Short Blades   | 1 2 4 5 6 7 |  7.1
Long Blades    | 4 6 |  6.6
Stealth        | 1 2 3 |  3.3
Shields        | 2 |  2.4

Action                   |  1- 3 |  4- 6 |  7- 9 || total
-------------------------+-------+-------+-------++-------
Melee: Falchion          |    44 |       |       ||    44
       Tailslap          |    11 |    10 |    43 ||    64
       Short sword       |    47 |    91 |   168 ||   306
       Scimitar          |       |       |   107 ||   107
Invok: Berserk           |       |     2 |     6 ||     8
       Trog's Hand       |       |     1 |     7 ||     8
 Abil: Breathe Frost     |       |       |     1 ||     1
  Use: Scroll            |       |       |     3 ||     3
       Potion            |       |       |     3 ||     3
 Stab: Sleeping          |     1 |     2 |     1 ||     4
       Distracted        |       |       |     1 ||     1
  Eat: Chunk             |     1 |     5 |    13 ||    19
       Ration            |       |       |     3 ||     3
Armor: Skin              |    25 |    19 |    67 ||   111
Dodge: Dodged            |    63 |    46 |   193 ||   302
Block: Buckler           |       |     2 |    46 ||    48
       Rpst.: Falchion   |    11 |       |       ||    11
       Scimitar          |       |       |    32 ||    32
